cohdb
Replays
Latest Replays
All Replays
Popular Replays
Top Player Replays
Match Explorer
How It Works
Community
CoH3 Stats
Reddit
Sign in to upload your games and track your stats! →
Sign in with Steam
Match 41204009
Unlisted
Match 41204009
Overview
Messages
Build Orders
End
Kradschützen Motorcycle Team
Panzergrenadier Squad
Panzergrenadier Squad
250 Light Carrier
Construct Light Support Kompanie
Selects Armored Support Battlegroup
Combat Half-tracks
Fire Support Elements
Panzerjäger Mechanized Group
Vehicle Survival Package
Flakvierling Half-track
Selects Veteran Gunners
Selects Salvage Kits
Construct Panzerarmee Kommand
Pak 38 Mechanized Group
Flak 36 Anti-tank Gun Team
Panzerpioneer Squad
Selects Flammpanzer III Medium Tank
Emergency Repair Kits
Panzergrenadier Squad
Rapid Advance
(502) Bad Gateway
谁家的小可爱
0
0
Comments
sign in to comment!
No comments posted yet!